 Dungeon Crawl Stone Soup version 0.27-a0-1331-g60ef6b6952 (webtiles) character file.

Game seed: 12527969364557027140

224 corppi the Chopper (level 6, -3/53 HPs)
             Began as a Hill Orc Monk on June 25, 2021.
             Slain by a kobold brigand (5 damage)
             ... in a sewer.
             The game lasted 00:11:38 (4436 turns).

corppi the Chopper (Hill Orc Monk)                  Turns: 4436, Time: 00:11:39

Health: -3/53      AC:  8    Str: 16      XL:     6   Next: 0%
Magic:  6/6        EV:  7    Int:  8 (10) God:
Gold:   131        SH:  0    Dex: 12 (13) Spells: 5/5 levels left

rFire    . . .     SeeInvis .   a - +0 hand axe
rCold    . . .     Faith    .   (no shield)
rNeg     . . .     Spirit   .   j - +0 chain mail
rPois    .         Reflect  .   (no helmet)
rElec    .         Harm     .   (no cloak)
rCorr    .         Rampage  .   (no gloves)
Will     .....                  (no boots)
Stlth    ..........             (no amulet)
HPRegen  0.17/turn              (no ring)
MPRegen  0.10/turn              (no ring)

@: brilliant, lethally poisoned (-3 -> -7)
A: no striking features
a: no special abilities


You were in a sewer.
You visited 1 branch of the dungeon, and saw 4 of its levels.
You also visited: Sewer.

You collected 131 gold pieces.

Inventory:

Hand Weapons
 a - a +0 hand axe (weapon)
 n - a +0 hunting sling
Missiles
 c - 96 stones
 e - 3 poisoned darts
 o - a silver javelin (quivered)
Armour
 b - a +0 robe
 h - a +0 ring mail
 j - a +0 chain mail (worn)
Jewellery
 k - a ring of magical power
Scrolls
 d - a scroll of teleportation
 f - a scroll of identify
 i - a scroll of fog
Potions
 l - a potion of might
 m - a potion of brilliance


   Skills:
 + Level 4.7 Fighting
 * Level 6.2 Axes
 + Level 2.5 Armour
 + Level 3.1 Dodging
 - Level 1.5 Stealth


You had 5 spell levels left.
You didn't know any spells.
Your spell library was empty.

Dungeon Overview and Level Annotations

Branches:
Dungeon (4/15)              Sewer (1/1)
 Temple: D:4-7

Altars:
Cheibriados

Shops:
D:3 [

Annotations:
D:3 Grinder, Terence


Message History

Press: ? - help, Q - select action, (/) - cycle Shift-Dir - straight line, f/p - kobold brigand
Aim: a kobold brigand, wielding a +0 dagger and quivering poisoned darts (lightly wounded, 51% to hit)
You throw a silver javelin.
The silver javelin closely misses the kobold brigand.
The silver javelin pierces through the kobold!
You kill the kobold!
The kobold brigand throws a poisoned dart.
The poisoned dart hits you!
You are poisoned.
The kobold hits you with a +0 short sword.
* * * LOW HITPOINT WARNING * * *
You have reached level 6!
Your experience leads to an increase in your attributes!
Your base attributes are Str 15, Int 10, Dex 13.
Increase (S)trength, (I)ntelligence, or (D)exterity?
You feel stronger.
You closely miss the kobold brigand.
The kobold brigand is lightly wounded.
You hit the kobold but do no damage.
* * * LOW HITPOINT WARNING * * *
You feel sick. The kobold closely misses you.
The kobold brigand hits you but does no damage.
You closely miss the kobold brigand.
The kobold brigand is lightly wounded.
You closely miss the kobold.
* * * LOW HITPOINT WARNING * * *
You feel sick. The kobold hits you but does no damage.
The kobold brigand hits you with a +0 dagger.
* * * LOW HITPOINT WARNING * * *
You closely miss the kobold brigand.
The kobold brigand is lightly wounded.
You hit the kobold.
You kill the kobold!
* * * LOW HITPOINT WARNING * * *
You feel sick.
The kobold brigand hits you but does no damage.
* * * LOW HITPOINT WARNING * * *
You feel sick.
The kobold brigand hits you with a +0 dagger.
You die...

# # #!?#. ###### ####### #
#?...(#(...### ##..÷..### #.
#(...)......####...÷....####..
#!....#.(...).K....###.........
#!!#. #≈.≈....@.....###.......# #
# #≈≈.≈..##.....##........#
≈≈≈≈≈≈.####...............
≈≈≈≈≈≈≈≈≈≈≈##.≈≈..≈........
≈≈≈≈≈≈≈≈≈≈≈≈≈≈≈≈≈≈≈≈≈≈≈≈.≈.. ≈
≈≈≈≈≈≈≈≈≈≈≈≈≈≈≈≈≈≈≈≈≈≈≈≈≈≈≈≈ ≈
≈≈≈≈≈≈≈≈≈≈≈≈≈≈≈≈≈≈≈≈≈≈≈≈≈≈≈ ≈≈
≈≈≈≈≈≈≈≈≈≈≈≈≈≈≈≈≈≈≈≈≈..≈≈≈
≈≈#######≈≈≈≈≈≈≈≈≈≈≈≈≈≈≈≈÷≈......


You could see a kobold brigand.

Vanquished Creatures
  A hound (D:3)
  5 river rats (Sewer)
  4 adders
  A worm (D:3)
  7 bats
  3 endoplasms
  4 giant cockroaches
  4 goblins
  10 hobgoblins
  9 jackals
  2 quokkas
  17 ball pythons
  4 frilled lizards
  17 kobolds
  19 rats
107 creatures vanquished.

Notes
Turn   | Place    | Note
-------+----------+-------------------------------------------
     0 | D:1      | corppi the Hill Orc Monk began the quest for the Orb.
     0 | D:1      | Reached XP level 1. HP: 19/19 MP: 1/1
   144 | D:1      | Reached XP level 2. HP: 27/27 MP: 2/2
   690 | D:1      | Reached skill level 1 in Armour
   727 | D:1      | Reached XP level 3. HP: 30/33 MP: 3/3
   784 | D:1      | Found a faded altar of an unknown god.
   784 | D:1      | You fall into a shaft and drop 1 floor!
  1191 | D:2      | Reached skill level 5 in Axes
  1191 | D:2      | Reached XP level 4. HP: 36/40 MP: 4/4
  2402 | D:3      | Noticed Grinder
  2691 | D:3      | Found Aclon's Antique Armour Emporium.
  2721 | D:3      | Noticed Terence
  2746 | D:3      | Reached XP level 5. HP: 19/47 MP: 5/5
  2754 | D:3      | Found a snail-covered altar of Cheibriados.
  2786 | D:3      | Found a glowing drain.
  2820 | Sewer    | Entered a sewer
  3637 | Sewer    | Reached skill level 6 in Axes
  4411 | Sewer    | Noticed a kobold brigand
  4433 | Sewer    | Reached XP level 6. HP: 8/53 MP: 6/6
  4436 | Sewer    | HP: 2/53 [poisoned by a kobold brigand]
  4436 | Sewer    | Slain by a kobold brigand

Illustrated notes

Levels and vault maps discovered:
D:1:      dpeg_arrival_rhombi, layout_rooms, ebering_ecumenical_altar_abandoned,
          grunt_decor_cap
D:2:      minmay_chambers_of_ones, layout_loops_ring, serial_bayou,
          serial_bayou_pond_c, serial_bayou_crossing, serial_bayou_shore_a,
          serial_bayou_pond_d, serial_bayou_pond_e, minmay_crystal_water
D:3:      layout_rooms, old_standard_altar, cheibrodos_sewer_entry_bend,
          serial_shops, nicolae_shop_temple_entry_statues_fountains,
          uniq_grinder, uniq_terence, uniq_crazy_yiuf_cottage
D:4:      layout_rooms, minmay_fractal_squares_diagonal_5
Sewer:    sewer_minmay_treatment

Skill      XL: |  1  2  3  4  5 |
---------------+----------------+-----
Armour         | 1 2 |  2.5
Fighting       | 4 |  4.7
Axes           | 5 6 |  6.2
Dodging        | 3 |  3.1
Stealth        | |  1.5

Action                   |  1- 3 |  4- 6 || total
-------------------------+-------+-------++-------
Melee: Hand axe          |   123 |   277 ||   400
Throw: Javelin           |       |     3 ||     3
       Dart              |       |    19 ||    19
       Stone             |       |     2 ||     2
  Use: Potion            |       |     6 ||     6
       Scroll            |       |     5 ||     5
Armor: Robe              |     6 |       ||     6
       Ring mail         |    29 |       ||    29
       Chain mail        |    20 |   185 ||   205
Dodge: Dodged            |    77 |   103 ||   180

Table legend: (Time is in decaauts)
 A = Elapsed time spent in this place.
 B = Non-inter-level travel time spent in this place.
 C = Inter-level travel time spent in this place.
 D = Time resting spent in this place.
 E = Time spent auto-exploring this place.
 F = Levels seen in this place.
 G = Mean time per level.
                   A        B        C        D        E       F      G
               +--------+--------+--------+--------+--------+-----+--------+
         Total |   4502 |   4410 |     92 |   1680 |   1823 |   5 |  900.4 |
       Dungeon |   2884 |   2792 |     92 |    533 |   1656 |   4 |  721.0 |
         Sewer |   1618 |   1618 |      0 |   1147 |    167 |   1 | 1618.0 |
               +--------+--------+--------+--------+--------+-----+--------+

Top non-repeatable levels by time:
     D:2: 1733 daAuts
   Sewer: 1618 daAuts
     D:1: 888 daAuts
     D:3: 260 daAuts
     D:4: 1 daAuts
